TEX
SOUTH DIVISION ALL-STARS @ NORTH DIVISION ALL-STARS
07/02/2019
 
TOP OF THE 1ST
South Division All-Stars batting - Pitching for North Division All-Stars : LHP Foster Griffin
Pitching: LHP Foster Griffin
Batting: RHB Jairo Beras 0-0: Called Strike
0-1: SINGLE (Groundball, 6M, EV 105.6 MPH)
Batting: RHB Kristian Trompiz 0-0: Called Strike
0-1: Ball
1-1: Ball
2-1: Foul Ball, location: 2F
2-2: SINGLE (Groundball, 4MD, EV 103.8 MPH)
Jairo Beras to second
Batting: LHB Jim Hayes 0-0: Fly out, F7 (Line Drive, 7, EV 95.6 MPH)
Batting: RHB Nick Torres 0-0: DOUBLE (Line Drive, 7LD, EV 103.8 MPH)
Jairo Beras scores
Kristian Trompiz to third
Batting: LHB Chris Singleton Jr. 0-0: Called Strike
0-1: Ball
1-1: Ball
2-1: Foul Ball, location: 2F
2-2: Strikes out looking
Batting: LHB Jose Figueroa 0-0: Swinging Strike
0-1: Swinging Strike
0-2: Ball
1-2: Ball
2-2: Ball
3-2: Strikes out swinging
Top of the 1st over - 1 run, 3 hits, 0 errors, 2 left on base; South Division 1 - North Division 0
BOTTOM OF THE 1ST
North Division All-Stars batting - Pitching for South Division All-Stars : RHP Francis Martes
Pitching: RHP Francis Martes
Batting: LHB Ben Simmons 0-0: Foul Ball, location: 2F
0-1: Ball
1-1: Swinging Strike
1-2: Ball
2-2: Ball
3-2: Foul Ball, location: 2F
3-2: Foul Ball, location: 2F
3-2: Strikes out looking
Batting: LHB Ron Buchanan 0-0: Ball
1-0: Ball
2-0: Swinging Strike
2-1: Ball
3-1: Foul Ball, location: 2F
3-2: Foul Ball, location: 2F
3-2: Foul Ball, location: 2F
3-2: SINGLE (Groundball, P, EV 76.3 MPH) (infield hit)
Batting: RHB Alex Santana 0-0: Ball
1-0: Swinging Strike
1-1: Swinging Strike
1-2: Ball
2-2: Ball
Ron Buchanan steals 2nd base
3-2: Strikes out swinging
Batting: RHB Juan De Leon 0-0: Ball
1-0: Ball
2-0: Ball
3-0: Called Strike
3-1: Ground out 4-3 (Groundball, 4M, EV 86.3 MPH)
Bottom of the 1st over - 0 runs, 1 hit, 0 errors, 1 left on base; South Division 1 - North Division 0
TOP OF THE 2ND
South Division All-Stars batting - Pitching for North Division All-Stars : LHP Foster Griffin
Pitching: RHP Jordan Guth
Batting: SHB Trace Loehr 0-0: Called Strike
0-1: Called Strike
0-2: Ball
1-2: Strikes out swinging
Batting: RHB Pat Valaika 0-0: Called Strike
0-1: Ground out 4-3 (Groundball, 4D, EV 83.1 MPH)
Batting: RHB Philip Pohl 0-0: Ball
1-0: Foul Ball, location: 2F
1-1: Ground out 4-3 (Groundball, 4, EV 109.4 MPH)
Top of the 2nd over - 0 runs, 0 hits, 0 errors, 0 left on base; South Division 1 - North Division 0
BOTTOM OF THE 2ND
North Division All-Stars batting - Pitching for South Division All-Stars : RHP Francis Martes
Pitching: RHP Tanner Peters
Batting: RHB Patrick Wisdom 0-0: Ball
1-0: DOUBLE (Line Drive, 3D, EV 97.5 MPH)
Batting: RHB Alex Murphy 0-0: Foul Ball, location: 2F
0-1: Foul Ball, location: 2F
0-2: Foul Ball, location: 2F
0-2: Ball
1-2: Ball
2-2: Ball
3-2: Base on Balls
Batting: LHB Cole Lankford 0-0: Ball
1-0: Ball
2-0: Ball
3-0: Fielders Choice at 2nd, 4-6 (Groundball, 34, EV 86.3 MPH)
Patrick Wisdom to third
Batting: RHB Mike Thomas 0-0: DOUBLE (Line Drive, 89XD, EV 105.0 MPH)
Patrick Wisdom scores
Cole Lankford to third
Runner from 3rd tries for Home, SAFE, throw by RF to trailing runner, SAFE at third!
Batting: LHB Jose An. Sanchez 0-0: Foul Ball, location: 2F
0-1: Called Strike
0-2: Strikes out swinging
Batting: LHB Ben Simmons 0-0: Ball
1-0: Ball
2-0: Ball
3-0: Base on Balls
Batting: LHB Ron Buchanan 0-0: Called Strike
0-1: Ball
1-1: Ball
2-1: SINGLE (Groundball, 34D, EV 100.6 MPH)
Mike Thomas scores
Ben Simmons to second
Runner from 2nd tries for 3rd, SAFE, throw by RF made to third
Batting: RHB Alex Santana 0-0: Ball
1-0: Ball
2-0: Ball
3-0: Called Strike
3-1: Called Strike
3-2: Strikes out swinging
Bottom of the 2nd over - 3 runs, 3 hits, 0 errors, 2 left on base; South Division 1 - North Division 3
TOP OF THE 3RD
South Division All-Stars batting - Pitching for North Division All-Stars : RHP Jordan Guth
Pitching: LHP Deiyerbert Bolivar
Batting: RHB Jairo Beras 0-0: Ground out 6-3 (Groundball, 6, EV 86.9 MPH)
Batting: RHB Kristian Trompiz 0-0: Called Strike
0-1: Ball
1-1: Swinging Strike
1-2: Ball
2-2: Ball
3-2: Ground out 4-3 (Groundball, 4, EV 91.9 MPH)
Batting: LHB Jim Hayes 0-0: Ball
1-0: Called Strike
1-1: Foul Ball, location: 2F
1-2: Foul Ball, location: 2F
1-2: Ground out 4-3 (Groundball, 4S, EV 87.5 MPH)
Top of the 3rd over - 0 runs, 0 hits, 0 errors, 0 left on base; South Division 1 - North Division 3
BOTTOM OF THE 3RD
North Division All-Stars batting - Pitching for South Division All-Stars : RHP Tanner Peters
Pitching: RHP Brad Webb
Batting: RHB Juan De Leon 0-0: Ground out 4-3 (Groundball, 4, EV 83.1 MPH)
Batting: RHB Patrick Wisdom 0-0: Swinging Strike
0-1: Swinging Strike
0-2: Strikes out swinging
Batting: RHB Alex Murphy 0-0: Called Strike
0-1: Ball
1-1: Called Strike
1-2: Foul Ball, location: 2F
1-2: Hit by Pitch
Batting: LHB Cole Lankford 0-0: Foul Ball, location: 2F
0-1: Fielders Choice at 2nd, 5-4 (Groundball, 5L, EV 99.4 MPH)
Bottom of the 3rd over - 0 runs, 0 hits, 0 errors, 1 left on base; South Division 1 - North Division 3
TOP OF THE 4TH
South Division All-Stars batting - Pitching for North Division All-Stars : LHP Deiyerbert Bolivar
Pitching: LHP Enmanuel Camacho
Batting: RHB Nick Torres 0-0: Called Strike
0-1: Ball
1-1: Fly out, F7 (Line Drive, 7, EV 90.6 MPH)
Batting: LHB Chris Singleton Jr. 0-0: Ball
1-0: Called Strike
1-1: Foul Ball, location: 2F
1-2: Foul Ball, location: 2F
1-2: Ball
2-2: Ball
3-2: Foul Ball, location: 2F
3-2: Ground out 4-3 (Groundball, 4, EV 106.3 MPH)
Batting: LHB Jose Figueroa 0-0: Foul Ball, location: 2F
0-1: Foul Ball, location: 2F
0-2: Ground out 6-3 (Groundball, 6, EV 85.0 MPH)
Top of the 4th over - 0 runs, 0 hits, 0 errors, 0 left on base; South Division 1 - North Division 3
BOTTOM OF THE 4TH
North Division All-Stars batting - Pitching for South Division All-Stars : RHP Brad Webb
Pitching: RHP Jeremy Ovalle
Batting: RHB Mike Thomas 0-0: Ball
1-0: Ball
2-0: Ball
3-0: Called Strike
3-1: Base on Balls
Batting: LHB Jose An. Sanchez 0-0: Swinging Strike
0-1: Foul Ball, location: 2F
0-2: Ball
1-2: Strikes out swinging
Pinch Hitting: RHB D.J. Burt 0-0: Called Strike
0-1: Ball
1-1: SINGLE (Groundball, 4MD, EV 96.3 MPH)
Mike Thomas to second
Runner from 2nd tries for 3rd, SAFE, throw by CF made to third
Pinch Hitting: SHB Jorge Martinez 0-0: Ball
1-0: Called Strike
1-1: Swinging Strike
1-2: Strikes out swinging
Batting: RHB Alex Santana 0-0: Called Strike
0-1: Ball
1-1: Fly out, F4 (Flyball, 3D, EV 76.3 MPH)
Bottom of the 4th over - 0 runs, 1 hit, 0 errors, 2 left on base; South Division 1 - North Division 3
TOP OF THE 5TH
South Division All-Stars batting - Pitching for North Division All-Stars : LHP Enmanuel Camacho
Pitching: RHP Luke Farrell
Now at 2B: D.J. Burt
Now in RF: Austin Cousino
Batting: SHB Trace Loehr 0-0: Ball
1-0: SINGLE (Groundball, 34D, EV 102.5 MPH)
Batting: RHB Pat Valaika 0-0: Ball
1-0: Bunted foul
1-1: Sac Bunt to P - play at first, batter OUT! 1-4
Trace Loehr to second
Batting: RHB Philip Pohl 0-0: Called Strike
0-1: Ground out 1-3 (Groundball, 34S, EV 85.6 MPH)
Trace Loehr to third
Pinch Hitting: LHB Luis Barrera 0-0: Called Strike
0-1: SINGLE (Groundball, 6MD, EV 102.5 MPH)
Trace Loehr scores
Batting: RHB Kristian Trompiz 0-0: Called Strike
0-1: Ball
Wild Pitch!
Luis Barrera to second
1-1: Called Strike
1-2: Fly out, F2 (Popup, 2RF, EV 93.1 MPH)
Top of the 5th over - 1 run, 2 hits, 0 errors, 1 left on base; South Division 2 - North Division 3
BOTTOM OF THE 5TH
North Division All-Stars batting - Pitching for South Division All-Stars : RHP Jeremy Ovalle
Pitching: RHP Jimmy Brasoban
Now in LF: Luis Barrera
Batting: RHB Juan De Leon 0-0: Called Strike
0-1: Ball
1-1: Foul Ball, location: 2F
1-2: Foul Ball, location: 2F
1-2: Fly out, F3 (Popup, 34, EV 76.3 MPH)
Pinch Hitting: RHB Brandon Dixon 0-0: Called Strike
0-1: Foul Ball, location: 2F
0-2: Ball
1-2: Strikes out looking
Batting: RHB Alex Murphy 0-0: Called Strike
0-1: TRIPLE (Groundball, 3L, EV 103.8 MPH)
Batting: LHB Cole Lankford 0-0: Ball
1-0: SINGLE (Groundball, 4D, EV 98.8 MPH)
Alex Murphy scores
Batting: RHB Mike Thomas 0-0: Called Strike
0-1: Ground out 1-3 (Groundball, 34S, EV 67.5 MPH)
Bottom of the 5th over - 1 run, 2 hits, 0 errors, 1 left on base; South Division 2 - North Division 4
TOP OF THE 6TH
South Division All-Stars batting - Pitching for North Division All-Stars : RHP Luke Farrell
Pitching: RHP Junior Gonzalez
Now at 3B: Brandon Dixon
Pinch Hitting: LHB Ryan O'Hearn 0-0: Foul Ball, location: 2F
0-1: Foul Ball, location: 2F
0-2: Ball
1-2: Ground out 4-3 (Groundball, 4, EV 91.9 MPH)
Batting: LHB Jose Brizuela 0-0: Called Strike
0-1: Ball
1-1: Ball
2-1: Foul Ball, location: 2F
2-2: Strikes out looking
Batting: LHB Chris Singleton Jr. 0-0: Ball
1-0: Ground out 5-3 (Groundball, 5, EV 102.5 MPH)
Top of the 6th over - 0 runs, 0 hits, 0 errors, 0 left on base; South Division 2 - North Division 4
BOTTOM OF THE 6TH
North Division All-Stars batting - Pitching for South Division All-Stars : RHP Jimmy Brasoban
Pitching: RHP Jonathan Hernandez
Now in RF: Ryan O'Hearn
Batting: RHB Armando Araiza 0-0: Foul Ball, location: 2F
0-1: Foul Ball, location: 2F
0-2: Ball
1-2: Ball
2-2: Ground out 2-3 (Groundball, 2L, EV 69.4 MPH)
Batting: RHB D.J. Burt 0-0: Foul Ball, location: 2F
0-1: Foul Ball, location: 2F
0-2: Foul Ball, location: 2F
0-2: Strikes out swinging
Batting: LHB Austin Cousino 0-0: Ball
1-0: Swinging Strike
1-1: Ground out U3 (Groundball, 34, EV 86.3 MPH)
Bottom of the 6th over - 0 runs, 0 hits, 0 errors, 0 left on base; South Division 2 - North Division 4
TOP OF THE 7TH
South Division All-Stars batting - Pitching for North Division All-Stars : RHP Junior Gonzalez
Pitching: LHP Eric Skoglund
Batting: LHB Jose Figueroa 0-0: Ground out 1-3 (Groundball, 15S, EV 70.6 MPH)
Batting: SHB Trace Loehr 0-0: Ball
1-0: Ball
2-0: Called Strike
2-1: SINGLE (Groundball, 4D, EV 95.0 MPH)
Batting: RHB Pat Valaika 0-0: Swinging Strike
0-1: Ball
1-1: Ball
2-1: Called Strike
2-2: Foul Ball, location: 2F
2-2: DOUBLE (Line Drive, 8RXD, EV 108.1 MPH)
Trace Loehr to third
Runner from 3rd tries for Home, SAFE, throw by CF to trailing runner, SAFE at third!
Batting: RHB Philip Pohl 0-0: Called Strike
0-1: Called Strike
0-2: Ball
1-2: Ball
2-2: Ball
3-2: Foul Ball, location: 2F
3-2: Fly out, F8 (Flyball, 8RD, EV 80.6 MPH)
Runner from 3rd tags up, SCORES, throw by CF
Batting: LHB Luis Barrera 0-0: Ball
1-0: Foul Ball, location: 2F
1-1: Ball
2-1: Ball
3-1: Fly out, F8 (Line Drive, 8RM, EV 91.3 MPH)
Top of the 7th over - 2 runs, 2 hits, 0 errors, 0 left on base; South Division 4 - North Division 4
BOTTOM OF THE 7TH
North Division All-Stars batting - Pitching for South Division All-Stars : RHP Jonathan Hernandez
Pitching: RHP Ryan Dull
Batting: RHB Alex Santana 0-0: Foul Ball, location: 2F
0-1: Ball
1-1: Ball
2-1: Swinging Strike
2-2: Ball
3-2: Strikes out swinging
Batting: RHB Juan De Leon 0-0: Called Strike
0-1: Ball
1-1: SINGLE (Groundball, 56S, EV 69.4 MPH) (infield hit)
Batting: RHB Brandon Dixon 0-0: Foul Ball, location: 2F
0-1: Ball
1-1: Called Strike
1-2: Foul Ball, location: 2F
1-2: Foul Ball, location: 2F
1-2: Ball
2-2: Ground out 6-3 (Groundball, 6MS, EV 79.4 MPH)
Juan De Leon to second
Batting: RHB Alex Murphy 0-0: SINGLE (Groundball, 34D, EV 105.6 MPH)
Juan De Leon to third
Runner from 3rd tries for Home, SAFE, throw by RF to home
Batting: LHB Cole Lankford 0-0: Called Strike
0-1: Ball
1-1: Called Strike
1-2: Strikes out swinging
Bottom of the 7th over - 1 run, 2 hits, 0 errors, 1 left on base; South Division 4 - North Division 5
TOP OF THE 8TH
South Division All-Stars batting - Pitching for North Division All-Stars : LHP Eric Skoglund
Pitching: RHP Eduar Lopez
Batting: RHB Kristian Trompiz 0-0: Called Strike
0-1: SINGLE (Groundball, 6M, EV 82.5 MPH) (infield hit)
Batting: LHB Ryan O'Hearn 0-0: Called Strike
0-1: Fly out, F9 (Flyball, 9S, EV 83.8 MPH)
Batting: LHB Jose Brizuela 0-0: Ball
1-0: Swinging Strike
1-1: Ball
2-1: Foul Ball, location: 2F
2-2: SINGLE (Groundball, 6D, EV 105.6 MPH)
Kristian Trompiz to second
Pinch Hitting: LHB Marcus Davis 0-0: Called Strike
0-1: Swinging Strike
0-2: Ball
1-2: Foul Ball, location: 2F
1-2: SINGLE (Flyball, 9LS, EV 85.6 MPH)
Kristian Trompiz to third
Jose Brizuela to second
Runner from 3rd tries for Home, SAFE, throw by RF to home
Batting: LHB Jose Figueroa 0-0: Ball
1-0: Swinging Strike
1-1: Bunt missed!
1-2: Ball
2-2: Fielders Choice at 2nd, 4-6 (Groundball, 4S, EV 86.3 MPH)
Jose Brizuela to third
Batting: SHB Trace Loehr 0-0: Called Strike
0-1: Ball
1-1: Ball
2-1: Ball
3-1: Base on Balls
Jose Figueroa to second
Pitching: RHP Alec Mills
Batting: RHB Pat Valaika 0-0: Ball
1-0: Ball
2-0: Foul Ball, location: 2F
2-1: Swinging Strike
2-2: Ball
3-2: Foul Ball, location: 2F
3-2: Fly out, F5 (Popup, 5SF, EV 84.4 MPH)
Top of the 8th over - 1 run, 3 hits, 0 errors, 3 left on base; South Division 5 - North Division 5
BOTTOM OF THE 8TH
North Division All-Stars batting - Pitching for South Division All-Stars : RHP Ryan Dull
Pitching: RHP Cody Kendall
Now at 1B: Marcus Davis
Batting: RHB Mike Thomas 0-0: SINGLE (Groundball, 4MD, EV 95.0 MPH)
Batting: RHB Armando Araiza 0-0: Bunt missed!
0-1: Bunted foul
0-2: Fly out, F3 (Popup, 34S, EV 46.3 MPH)
Batting: RHB D.J. Burt 0-0: Ball
1-0: Ball
2-0: Bunted foul
2-1: Bunted foul
2-2: Foul Ball, location: 2F
2-2: Fly out, F8 (Flyball, 8LM, EV 88.1 MPH)
Batting: LHB Austin Cousino 0-0: Ball
1-0: Foul Ball, location: 2F
1-1: Ball
2-1: Foul Ball, location: 2F
2-2: Strikes out looking
Bottom of the 8th over - 0 runs, 1 hit, 0 errors, 1 left on base; South Division 5 - North Division 5
TOP OF THE 9TH
South Division All-Stars batting - Pitching for North Division All-Stars : RHP Alec Mills
Pitching: RHP Tim Bell
Pinch Hitting: RHB Cesar Au. Gonzalez 0-0: Called Strike
0-1: Ball
1-1: Ball
2-1: Called Strike
2-2: Ball
3-2: Base on Balls
Batting: LHB Luis Barrera 0-0: Bunt missed!
0-1: Bunt - Flyout to 23! F3
Batting: RHB Kristian Trompiz 0-0: Foul Ball, location: 2F
0-1: Bunted foul
0-2: Foul Ball, location: 2F
0-2: SINGLE (Groundball, 34, EV 95.6 MPH)
Cesar Au. Gonzalez to second
Runner from 2nd tries for 3rd, SAFE, throw by RF made to third
Batting: LHB Ryan O'Hearn 0-0: Called Strike
0-1: Ball
1-1: Ball
2-1: Foul Ball, location: 2F
2-2: Fly out, F6 (Flyball, 5D, EV 88.8 MPH)
Batting: LHB Jose Brizuela 0-0: Called Strike
0-1: Ball
1-1: Swinging Strike
1-2: Ground out 4-3 (Groundball, 34, EV 98.8 MPH)
Top of the 9th over - 0 runs, 1 hit, 0 errors, 2 left on base; South Division 5 - North Division 5
BOTTOM OF THE 9TH
North Division All-Stars batting - Pitching for South Division All-Stars : RHP Cody Kendall
Pitching: RHP Lachlan Madden
Now at C: Cesar Au. Gonzalez
Batting: RHB Alex Santana 0-0: Foul Ball, location: 2F
0-1: Ball
1-1: Ball
2-1: Foul Ball, location: 2F
2-2: Ball
3-2: SOLO HOME RUN (Flyball, 78XD, EV 95.0 MPH), Distance : 406 ft
Monday, July 8th, 2019 - OOTP Baseball 20.5 Build 52